 Dungeon Crawl Stone Soup version 0.29-a0-275-g389c0b56f3 (webtiles) character file.

Game seed: 10732699023082967441

91 Ordine the Slasher (level 4, -2/27 HPs)
             Began as a Tengu Warper on Mar 9, 2022.
             Slain by an orc wizard
             ... wielding a +0 dagger
              (3 damage)
             ... on level 3 of the Dungeon.
             The game lasted 00:03:24 (2759 turns).

Ordine the Slasher (Tengu Warper)                   Turns: 2759, Time: 00:03:25

Health: -2/27      AC:  4    Str: 11    XL:     4   Next: 57%
Magic:  8/8        EV: 12    Int: 14    God:
Gold:   119        SH:  0    Dex: 15    Spells: 5/7 levels left

rFire   . . .      SeeInvis .   l - +0 long sword
rCold   . . .      Faith    .   (no shield)
rNeg    . . .      Spirit   .   b - +0 leather armour
rPois   .          Reflect  .   (helmet restricted)
rElec   .          Harm     .   h - +0 cloak
rCorr   .          Rampage  .   (no gloves)
Will    .....                   (boots unavailable)
Stlth   +.........              (no amulet)
HPRegen 0.09/turn               (no ring)
MPRegen 0.11/turn               (no ring)

@: no status effects
A: beak, talons 3
a: no special abilities


You were on level 3 of the Dungeon.
You visited 1 branch of the dungeon, and saw 3 of its levels.

You collected 119 gold pieces.

Inventory:

Hand Weapons
 l - a +0 long sword (weapon)
Missiles
 d - 7 boomerangs of dispersal
Armour
 b - a +0 leather armour (worn)
 h - a +0 cloak (worn)
Scrolls
 c - 2 scrolls of blinking
 f - 5 scrolls of fear {unknown}
 g - a scroll of fog {unknown}
 i - a scroll of teleportation {unknown}
 j - 3 scrolls of identify {unknown}
Potions
 a - a potion of haste {unknown}
 e - 2 potions of curing {unknown}
 k - a potion of mutation {unknown}


   Skills:
 + Level 2.9 Fighting
 * Level 3.9 Long Blades
 + Level 2.1 Throwing
 - Level 1.1 Armour
 - Level 2.1 Dodging
 - Level 2.0 Spellcasting
 - Level 2.4 Translocations


You had 5 spell levels left.
You knew the following spells:

 Your Spells              Type           Power      Damage    Failure   Level
a - Blink                 Tloc           16%        N/A       19%         2

Your spell library contained the following spells:

 Spells                   Type           Power      Damage    Failure   Level
 Gell's Gravitas          Tloc           8%         N/A       34%         3
 Lesser Beckoning         Tloc           8%         N/A       34%         3
 Teleport Other           Tloc           8%         N/A       34%         3
 Portal Projectile        Hex/Tloc       8%         N/A       50%         3
 Call Canine Familiar     Summ           1%         N/A       67%         3
 Dazzling Flash           Conj/Hex       2%         N/A       67%         3
 Iskenderun's Mystic Bla  Conj/Tloc      4%         2d3       88%         4
 Leda's Liquefaction      Hex/Erth       0%         N/A       97%         4
 Manifold Assault         Tloc           8%         N/A       97%         5
 Starburst                Conj/Fire      0%         6d3       100%        6


Dungeon Overview and Level Annotations

Branches:
Dungeon (3/15)

Altars:
Dithmenos


Innate Abilities, Weirdness & Mutations

You have a beak for a mouth.
You have claws for feet.


Message History

The orc wizard hits you but does no damage.
You closely miss the orc wizard.
You peck the orc wizard, but do no damage.
You hit the orc but do no damage. You peck the orc.
The orc is moderately wounded.
The orc hits you with a +0 club.
You completely miss the orc. You claw the orc, but do no damage.
The orc is moderately wounded.
The orc hits you with a +0 club.
You slash the orc!
You kill the orc!
You closely miss the orc wizard. You claw the orc wizard.
The orc wizard is heavily wounded.
The orc wizard closely misses you.
You barely miss the orc wizard.
The orc wizard is heavily wounded.
The orc wizard mumbles some strange words.
The orc wizard flickers and vanishes!
Deactivating autopickup; reactivate with Ctrl-A.
You hear some strange, mumbled words.
You are confused.
Unknown command.
Unknown command.
You completely miss something. Your peck misses something.
Something barely misses you.
You completely miss something. Something hits you but does no damage.
You completely miss something. Your kick misses something.
Something hits you but does no damage.
You completely miss something. You peck something. Something hits you.
You bump into the rock wall.
Something hits you but does no damage.
You closely miss something. Your kick misses something.
Your peck misses something.
You feel less confused.
You hear some strange, mumbled words.
A puff of flame appears from out of thin air!
The puff of flame hits you!
Ouch! That really hurt!
* * * LOW HITPOINT WARNING * * *
Something hits you.
You die...

.#.#.#.#.#.##
#.#.#.#.#.#.#
#.#.#.#.#.##
#.#.#.#.#.#
#.#.#.#.##
.#.#.#.#.#
#.#.#.#.##
.#.#.#.#.########.#
#.#.#>#.#....@{o..#
.#.#.#.#.##########
#.#.#.#.# .#.#.#.#
#.....# +..$.# ....
..


You could see an orc.

Vanquished Creatures
  3 adders (D:2)
  2 worms (D:2)
  4 dart slugs
  An orc (D:3)
  5 bats
  6 endoplasms
  3 goblins
  3 hobgoblins
  2 jackals (D:1)
  5 kobolds (D:1)
  2 quokkas (D:1)
  6 ball pythons
  3 frilled lizards
  2 rats
47 creatures vanquished.

Notes
Turn   | Place    | Note
-------+----------+-------------------------------------------
     0 | D:1      | Ordine the Tengu Warper began the quest for the Orb.
     0 | D:1      | Reached XP level 1. HP: 12/12 MP: 4/4
   169 | D:1      | Reached XP level 2. HP: 11/17 MP: 6/6
   295 | D:1      | Learned a level 2 spell: Blink
   458 | D:1      | Reached skill level 3 in Long Blades
   466 | D:1      | Reached XP level 3. HP: 3/22 MP: 7/7
  1104 | D:1      | Found a faded altar of an unknown god.
  1502 | D:2      | Found a shadowy altar of Dithmenos.
  1872 | D:2      | Reached XP level 4. HP: 21/27 MP: 8/8
  2759 | D:3      | HP: 1/27 [something/puff of flame (14)]
  2759 | D:3      | Slain by an orc wizard

Illustrated notes

Levels and vault maps discovered:
D:1:      saegor_arrival_fortress, layout_basic,
          hellmonk_ecumenical_altar_pennies_from_heaven, st_stairs_12
D:2:      layout_basic, basic_altar, minmay_misc_feat_iff
D:3:      minmay_roachtagon, layout_basic, lemuel_doored_altar, st_stairs_6

Skill      XL: |  1  2  3  4 |
---------------+-------------+-----
Long Blades    | 3 |  3.9
Throwing       | 2 |  2.1
Fighting       | |  2.9
Armour         | |  1.1
Dodging        | |  2.1
Spellcasting   | |  2.0
Translocations | |  2.4

Action                   |  1- 3 |  4- 6 || total
-------------------------+-------+-------++-------
Melee: Falchion          |    83 |     9 ||    92
       Kick              |    19 |     4 ||    23
       Peck              |     7 |     8 ||    15
       Long sword        |       |    25 ||    25
Armor: Leather armour    |    32 |    10 ||    42
Dodge: Dodged            |    50 |    16 ||    66

Table legend: (Time is in decaauts)
 A = Elapsed time spent in this place.
 B = Non-inter-level travel time spent in this place.
 C = Inter-level travel time spent in this place.
 D = Time resting spent in this place.
 E = Time spent auto-exploring this place.
 F = Levels seen in this place.
 G = Mean time per level.
                   A        B        C        D        E       F      G
               +--------+--------+--------+--------+--------+-----+--------+
         Total |   2778 |   2733 |     45 |      0 |   2410 |   3 |  926.0 |
       Dungeon |   2778 |   2733 |     45 |      0 |   2410 |   3 |  926.0 |
               +--------+--------+--------+--------+--------+-----+--------+

Top non-repeatable levels by time:
     D:1: 1412 daAuts
     D:2: 1291 daAuts
     D:3: 75 daAuts
